 Dungeon Crawl Stone Soup version 0.29-a0-876-gfc89b1a5bd (webtiles) character file.

Game seed: 3903587716063977423

203 Kazon the Covered (level 6, -4/48 HPs)
             Began as a Human Fighter on July 19, 2022.
             Slain by a hobgoblin (6 damage)
             ... led by Robin
             ... on level 3 of the Dungeon.
             The game lasted 00:12:58 (3128 turns).

Kazon the Covered (Human Fighter)                   Turns: 3128, Time: 00:12:58

Health: -4/48      AC:  7    Str: 18    XL:     6   Next: 8%
Magic:  6/6        EV:  9    Int:  9    God:
Gold:   57         SH:  4    Dex: 10    Spells: 5/5 levels left

rFire   . . .      SeeInvis .   a - +0 long sword
rCold   + . .      Faith    .   c - +0 buckler
rNeg    . . .      Spirit   .   b - +0 scale mail
rPois   .          Reflect  .   (helmet restricted)
rElec   .          Harm     .   (no cloak)
rCorr   .          Rampage  .   (no gloves)
Will    .....                   (no boots)
Stlth   ..........              (no amulet)
HPRegen 0.16/turn               q - ring of protection from cold
MPRegen 0.10/turn               (no ring)

@: mighty, brilliant, attractive
A: beak, clumsy 1
a: no special abilities


You were on level 3 of the Dungeon.
You visited 1 branch of the dungeon, and saw 3 of its levels.

You collected 57 gold pieces.

Inventory:

Hand Weapons
 a - a +0 long sword (weapon)
Missiles
 h - a stone (quivered)
 w - 5 poisoned darts
 y - a boomerang
Armour
 b - a +0 scale mail (worn)
 c - a +0 buckler (worn)
Jewellery
 q - a ring of protection from cold (left hand)
Scrolls
 e - a scroll of poison {unknown}
 f - a scroll of amnesia {unknown}
 i - 3 scrolls of vulnerability {unknown}
 k - a scroll of enchant weapon {unknown}
 n - a scroll of magic mapping {unknown}
 p - a scroll of immolation {unknown}
 r - 2 scrolls of teleportation {unknown}
 s - 2 scrolls of enchant armour {unknown}
 t - 2 scrolls of fear {unknown}
 u - a scroll of noise {unknown}
 x - a scroll of blinking {unknown}
 z - 4 scrolls of identify {unknown}
 A - a scroll of acquirement {unknown}
Potions
 g - a potion of resistance
 l - a potion of brilliance
 o - a potion of lignification {unknown}
 v - a potion of haste {unknown}


   Skills:
 * Level 4.0 Fighting
 + Level 3.5 Long Blades
 * Level 0.5 Throwing
 + Level 4.0 Armour
 + Level 1.2 Dodging
 * Level 0.8 Stealth
 + Level 3.2 Shields


You had 5 spell levels left.
You didn't know any spells.
Your spell library contained the following spells:

 Spells                   Type           Power      Damage    Failure   Level
 Fulminant Prism          Conj/Hex       0%         3d6       100%        4
 Iskenderun's Mystic Bla  Conj/Tloc      0%         2d3       100%        4
 Lee's Rapid Deconstruct  Erth           0%         3d5*      100%        5


Dungeon Overview and Level Annotations

Branches:
Dungeon (3/15)

Altars:
Xom


Innate Abilities, Weirdness & Mutations

You have a beak for a mouth.
You are clumsy. (Dex -2)


Message History

You block Robin's attack.
The jackal bites you but does no damage.
The jackal closely misses you. Robin hits you with a +0 trident.
* * * LOW HITPOINT WARNING * * *
You slash Robin!
Robin is almost dead.
The jackal bites you but does no damage.
Robin hits you with a +0 trident.
* * * LOW HITPOINT WARNING * * *
You block the jackal's attack.
You slash Robin!
You kill Robin!
The jackal barely misses you.
You barely miss the jackal.
The hobgoblin no longer looks unusually strong.
You block the jackal's attack. The goblin closely misses you.
The jackal bites you.
* * * LOW HITPOINT WARNING * * *
The goblin hits you with a +0 dagger.
* * * LOW HITPOINT WARNING * * *
You slash the goblin!
You kill the goblin!
You block the jackal's attack.
The goblin shoots a sling bullet.
The sling bullet misses you. The jackal closely misses you.
It was a potion of brilliance.
You feel clever all of a sudden.
The jackal bites you but does no damage.
The hobgoblin hits you.
* * * LOW HITPOINT WARNING * * *
It was a potion of attraction.
You feel attractive to monsters. The jackal closely misses you.
The hobgoblin hits you but does no damage.
The jackal barely misses you.
It was a potion of mutation.
You feel extremely strange.
You feel clumsy.
Your mouth lengthens and hardens into a beak!
The jackal bites you but does no damage.
The hobgoblin hits you.
You die...

.. . gg #. gg ..
####. .# #.##...g
### .#
####.......##.#
.# #....#
##..##g###h#
#.##.#
#.#.)ogg@hh#
##### #.##.#
#..##g##### #....
##<##.# ##.##.#
### #.###
..รท.#.#####....#
##.## #.##.
##).........#.##
##...####....
.##.###.##..#.#
#......##....
.##.# #>###.#.#
#####...#.##.##.
.##.# #.##....#
#.......#.......
....# #.......#
#.####..####.###


You could see an orc, 3 jackals, 2 hobgoblins and 2 goblins.

Vanquished Creatures
  Jessica (D:3)
  Robin (D:3)
  3 gnolls
  5 adders
  3 dart slugs
  3 orcs (D:3)
  7 endoplasms
  3 giant cockroaches
  12 goblins
  5 hobgoblins
  5 jackals
  8 kobolds
  3 quokkas
  2 ball pythons
  6 bats
  9 frilled lizards
  6 rats
82 creatures vanquished.

Vanquished Creatures (others)
  10 plants (D:2)
10 creatures vanquished.

Grand Total: 92 creatures vanquished

Notes
Turn   | Place    | Note
-------+----------+-------------------------------------------
     0 | D:1      | Kazon the Human Fighter began the quest for the Orb.
     0 | D:1      | Reached XP level 1. HP: 18/18 MP: 1/1
   236 | D:1      | Reached XP level 2. HP: 24/24 MP: 2/2
   493 | D:1      | Reached XP level 3. HP: 29/29 MP: 3/3
   524 | D:1      | Found a faded altar of an unknown god.
   921 | D:2      | HP: 1/29 [adder (2)]
   941 | D:1      | Reached XP level 4. HP: 7/35 MP: 4/4
  1221 | D:2      | You fall into a shaft and drop 1 floor!
  1268 | D:2      | Noticed Jessica
  1268 | D:2      | Found a shimmering altar of Xom.
  1287 | D:3      | Reached skill level 1 in Dodging
  1437 | D:3      | Killed Jessica
  1785 | D:2      | Reached XP level 5. HP: 36/41 MP: 5/5
  3083 | D:3      | Noticed Robin
  3106 | D:3      | Reached XP level 6. HP: 31/48 MP: 6/6
  3123 | D:3      | Killed Robin
  3126 | D:3      | HP: 1/48 [hobgoblin[Robin] (4)]
  3128 | D:3      | Gained mutation: You are clumsy. (Dex -2) [potion of
                  | mutation]
  3128 | D:3      | Gained mutation: You have a beak for a mouth. [potion of
                  | mutation]
  3128 | D:3      | Slain by a hobgoblin

Illustrated notes

Levels and vault maps discovered:
D:1:      shiori_arrival_oz, layout_loops_ring, chequers_ecumenical_altar_grove
D:2:      cheibrodos_old_hovel, layout_basic, basic_altar, minmay_lizard_king,
          uniq_jessica
D:3:      layout_loops_cross, mainiacjoe_overflow_cross_hatched,
          mainiacjoe_overflow_big_doors, uniq_robin

Skill      XL: |  1  2  3  4  5  6 |
---------------+-------------------+-----
Long Blades    | 3 |  3.5
Dodging        | 1 |  1.2
Armour         | 4 |  4.0
Fighting       | 4 |  4.0
Throwing       | |  0.5
Stealth        | |  0.8
Shields        | |  3.2

Action                   |  1- 3 |  4- 6 || total
-------------------------+-------+-------++-------
Melee: Long sword        |   120 |   170 ||   290
Throw: Stone             |    10 |    31 ||    41
  Use: Potion            |     2 |     4 ||     6
Armor: Scale mail        |   101 |   136 ||   237
Dodge: Dodged            |    69 |   145 ||   214
Block: Buckler           |    30 |    69 ||    99

Table legend: (Time is in decaauts)
 A = Elapsed time spent in this place.
 B = Non-inter-level travel time spent in this place.
 C = Inter-level travel time spent in this place.
 D = Time resting spent in this place.
 E = Time spent auto-exploring this place.
 F = Levels seen in this place.
 G = Mean time per level.
                   A        B        C        D        E       F      G
               +--------+--------+--------+--------+--------+-----+--------+
         Total |   3224 |   3171 |     53 |    831 |    668 |   3 | 1074.7 |
       Dungeon |   3224 |   3171 |     53 |    831 |    668 |   3 | 1074.7 |
               +--------+--------+--------+--------+--------+-----+--------+

Top non-repeatable levels by time:
     D:1: 1483 daAuts
     D:3: 955 daAuts
     D:2: 786 daAuts
